AoeStats
← Vaerso

Arabia

509939199Analyzed
1v1 RM · 4d ago on Sep 28, 2026· 50m 12s· 2 players
Game mode
Random Map
Map size
Tiny (2 player)
Population
200
Speed
Normal
Resources
Standard
Victory
Conquest
Starting age
Dark Age
Ending age
Imperial Age
RankedLock teamsTeams togetherTeam positionsShared explorationLock speedFull tech treeHidden civsTurbo modeCheats
Victory
Defeat
🇫🇷 Wei · France
1066
+15
🇳🇱 Saracens · Netherlands
1034
-15
ITDLIWitchking
7:08 Loom
10:35 Feudal Age
11:15 Double-Bit Axe
11:52 Horse Collar
21:00 Castle Age
19:20 Fletching
20:48 Padded Archer Armor
21:28 Bloodlines
22:06 Bow Saw
21:59 Husbandry
22:31 Heavy Plow
23:00 Bodkin Arrow
24:17 Gold Mining
27:14 Ballistics
28:01 Thumb Ring
35:18 Imperial Age
37:07 Chemistry
36:44 Parthian Tactics
37:13 Bracer
40:45 Scale Barding Armor
40:51 Forging
40:39 Heavy Camel Rider
44:05 Chain Barding Armor
44:38 Iron Casting
46:23 Iron Casting
46:18 Light Cavalry
49:34 Plate Barding Armor
Vaerso
2:52 Loom
12:00 Feudal Age
12:27 Horse Collar
12:35 Double-Bit Axe
16:05 Gold Mining
18:22 Stone Mining
22:08 Castle Age
20:54 Forging
21:51 Bloodlines
21:59 Scale Barding Armor
22:47 Pikeman
25:16 Wheelbarrow
25:40 Iron Casting
25:13 Town Watch
28:04 Scale Mail Armor
30:46 Fletching
31:32 Elite Skirmisher
33:58 Ballistics
33:59 Bow Saw
39:03 Imperial Age
36:56 Hand Cart
40:33 Heavy Hei Guang Cavalry
43:05 Bodkin Arrow
44:11 Blast Furnace
43:16 Heavy Plow
43:07 Capped Ram
45:58 Halberdier
48:05 Chain Mail Armor
48:01 Town Patrol
48:54 Murder Holes
50:00 Chemistry
49:35 Chain Barding Armor
50:21 Squires
50:06 Arson
Connection lost

Rejoining the realm…

Still unreachable

The connection could not be restored.

Session expired

The server has moved on; the page needs a fresh start.